 Dungeon Crawl Stone Soup version 0.21-a0-414-gba8bdf1 (webtiles) character file.

9240 nikopol the Thaumaturge (level 11, -1/56 (57) HPs)
             Began as a Deep Elf Fire Elementalist on Nov 2, 2017.
             Was an Elder of Sif Muna.
             Slain by an unseen horror (8 damage)
             ... on level 10 of the Dungeon.
             The game lasted 00:47:29 (10259 turns).

nikopol the Thaumaturge (DEFE)                     Turns: 10259, Time: 00:47:30

HP:   -1/56 (57)    AC:  6    Str:  9    XL:     11   Next: 20%
MP:   33/44         EV: 15    Int: 24    God:    Sif Muna [****..]
Gold: 604           SH:  0    Dex: 15    Spells: 24/35 levels left

rFire    . . .     SeeInvis .   O - staff of power
rCold    . . .     Gourm    .   (no shield)
rNeg     . . .     Faith    .   a - +0 robe
rPois    .         Spirit   .   U - +1 hat
rElec    .         Reflect  .   u - +0 cloak
rCorr    .         Harm     .   j - +0 pair of gloves
MR       +....                  G - +0 pair of boots
Stlth    ++++......             p - amulet of magic regeneration
HPRegen  0.18/turn              e - ring of stealth
MPRegen  0.54/turn              s - +4 ring of strength

@: no status effects
A: no striking features
a: Divine Energy, Channel Magic, Forget Spell, Renounce Religion


You were on level 10 of the Dungeon.
You worshipped Sif Muna.
Sif Muna was greatly pleased with you.
You were not hungry.

You visited 1 branch of the dungeon, and saw 10 of its levels.

You collected 604 gold pieces.

Inventory:

Hand Weapons
 f - a +0 short sword
 w - the +3 dagger of Pin Weum {protect, Str+2}
   (You found it on level 5 of the Dungeon)

   It protects the one who uses it against injury (+AC on strike).
   It affects your strength (+2).
Armour
 a - a +0 robe (worn)
 j - a +0 pair of gloves (worn)
 u - a +0 cloak (worn)
 G - a +0 pair of boots (worn)
 U - a +1 hat (worn)
Magical Staves
 O - an uncursed staff of power (weapon)
Jewellery
 e - a ring of stealth (left hand)
 p - an amulet of magic regeneration (around neck)
 s - a +4 ring of strength (right hand)
 x - a +4 ring of protection {unknown}
 I - an uncursed ring of magical power {unknown}
 P - an uncursed ring of see invisible {unknown}
Wands
 l - a wand of clouds (4/9)
 D - a wand of digging (8/24)
 H - a wand of confusion (22/48)
 J - a wand of acid (4/15)
 M - a wand of iceblast (8/15)
 R - a wand of acid (4/15)
 T - a wand of acid (3/15)
Scrolls
 d - 7 scrolls of teleportation {unknown}
 i - 7 scrolls of remove curse
 k - 4 scrolls of identify
 n - 3 scrolls of recharging {unknown}
 r - 2 scrolls of immolation {unknown}
 t - 2 scrolls of fog {unknown}
 y - 2 scrolls of noise {unknown}
 z - a scroll of amnesia {unknown}
 B - a scroll of brand weapon {unknown}
 E - 2 scrolls of enchant weapon {unknown}
 L - a scroll of random uselessness {unknown}
 N - a scroll of enchant armour {unknown}
 Q - a scroll of silence {unknown}
 S - a scroll of magic mapping {unknown}
Potions
 g - 2 potions of mutation
 m - 4 potions of heal wounds
 o - 7 potions of lignification
 q - 5 potions of curing
 v - a potion of haste
 A - 2 potions of ambrosia
 F - a potion of agility
 K - 2 potions of flight
Books
 b - a book of Flames

   Spells                             Type                      Level
   a - Flame Tongue                   Conjuration/Fire             1
   b - Throw Flame                    Conjuration/Fire             2
   c - Conjure Flame                  Conjuration/Fire             3
   d - Inner Flame                    Hexes/Fire                   3
   e - Sticky Flame                   Conjuration/Fire             4
   f - Fireball                       Conjuration/Fire             5
Comestibles
 c - 14 bread rations
 h - 7 meat rations
 C - a royal jelly


   Skills:
 + Level 1.6 Fighting
 + Level 2.6 Short Blades
 + Level 5.8 Dodging
 + Level 4.7 Stealth
 + Level 12.9 Spellcasting
 + Level 10.3 Conjurations
 + Level 10.1 Fire Magic


You had 24 spell levels left.
You knew the following spells:

 Your Spells              Type           Power        Failure   Level  Hunger
a - Flame Tongue          Conj/Fire      #####        1%          1    None
b - Throw Flame           Conj/Fire      ######       1%          2    None
c - Conjure Flame         Conj/Fire      ######..     1%          3    None
d - Fireball              Conj/Fire      ######....   1%          5    ###....


Dungeon Overview and Level Annotations

Branches:
Dungeon (10/15)            Temple (0/1) D:6            Lair (0/6) D:10
    Orc: D:9-12

Altars:
Cheibriados
Fedhas
Hepliaklqana
Kikubaaqudgha
Qazlal
Sif Muna
Trog
Wu Jian
Xom
Yredelemnul
The Shining One

Shops:
D:4 =   D:5 *   D:6 *   D:7 (


Message History

Press: ? - help, Shift-Dir - straight line, f - vampire
Aim: a vampire (heavily damaged)
The fireball explodes!
The fireball engulfs the vampire.
You destroy the vampire!
Sif Muna accepts your kill.
You hear two shouts!
Something hits you! Something barely misses you. Something hits you.
* * * LOW HITPOINT WARNING * * *
Something hits you but does no damage.
There is an open door here.
Something hits you.
* * * LOW HITPOINT WARNING * * *
Casting: Fireball
Confirm with . or Enter, or press ? or * to list all spells.
Aiming: Conjure Flame
Press: ? - help, Dir - move target cursor The fire ignites!
Something hits you!
You die...

...........# ......#
..#######..######.....##+##.
..+.....#.......#...........
..#.....#.......+.......$...
..#.....#.......##..........
..####'##........#....#
...†.............#....#
.................#....###
................@§......+
.................#......#
#############....#......#
+...........#....#........
#.........).###..#.........
#....#'###))..#..#.........
#....#...#))..#..#........
#....#...#....####.......
.....#...#...........


There were no monsters in sight!

Vanquished Creatures
  4 two-headed ogres
  An unseen horror (D:10)
  Maurice (D:8)
  6 hippogriffs
  A meliai zombie (D:7)
  A vampire (D:10)
  A hungry ghost (D:7)
  Edmund (D:6)
  A water moccasin (D:10)
  Duvessa (D:4)
  2 black bears (D:9)
  2 sky beasts (D:8)
  3 ice beasts
  5 orc warriors
  A phantom (D:8)
  A necrophage (D:10)
  2 centaurs
  6 ogres
  A big kobold (D:9)
  2 bullfrogs
  Dowan (D:4)
  4 scorpions
  A killer bee (D:8)
  A bullfrog zombie (D:5)
  6 crimson imps
  A quasit (D:5)
  A centaur zombie (D:5)
  A bullfrog skeleton (D:10)
  7 hounds
  An orc priest (D:10)
  3 iguanas
  2 jellies
  Crazy Yiuf (D:3)
  8 orc wizards
  6 worker ants
  3 hound zombies
  3 hound skeletons
  A worker ant zombie (D:10)
  4 gnolls (D:4)
  16 adders
  A howler monkey skeleton (D:8)
  4 shadow imps
  2 oozes
  2 adder zombies
  2 adder skeletons
  3 worms
  7 dart slugs
  An adder simulacrum (D:9)
  7 leopard geckos
  47 orcs
  6 giant cockroaches
  3 goblins
  8 hobgoblins
  14 jackals
  5 quokkas
  A ball python (D:4)
  5 bats
  7 frilled lizards
  A giant cockroach zombie (D:5)
  3 kobolds (D:1)
  A leopard gecko skeleton (D:5)
  3 rats
247 creatures vanquished.

Vanquished Creatures (others)
  2 hounds (D:5)
  An orc (D:5)
  A plant (D:10)
4 creatures vanquished.

Grand Total: 251 creatures vanquished

Notes
Turn   | Place    | Note
-------+----------+-------------------------------------------
     0 | D:1      | nikopol the Deep Elf Fire Elementalist began the quest for the Orb.
     0 | D:1      | Reached XP level 1. HP: 10/10 MP: 6/6
   300 | D:1      | Reached XP level 2. HP: 15/15 MP: 6/8
   889 | D:1      | Reached XP level 3. HP: 19/19 MP: 7/10
  1469 | D:2      | Reached skill level 4 in Spellcasting
  1476 | D:2      | Learned a level 2 spell: Throw Flame
  1480 | D:2      | Learned a level 3 spell: Conjure Flame
  1546 | D:2      | Found a snail-covered altar of Cheibriados.
  1559 | D:2      | Reached XP level 4. HP: 18/24 MP: 7/12
  1940 | D:2      | Reached XP level 5. HP: 28/28 MP: 9/14
  2150 | D:3      | Learned a level 5 spell: Fireball
  2188 | D:3      | Found a bloodstained altar of Trog.
  2193 | D:3      | Reached skill level 5 in Spellcasting
  2275 | D:3      | Found a bloodstained altar of Trog.
  2562 | D:3      | Found an ancient bone altar of Kikubaaqudgha.
  2875 | D:3      | Found a runed door.
  2879 | D:3      | Noticed Crazy Yiuf
  2886 | D:3      | Killed Crazy Yiuf
  3080 | D:4      | Reached XP level 6. HP: 32/32 MP: 0/16
  3160 | D:4      | Noticed Duvessa
  3166 | D:4      | Noticed Dowan
  3168 | D:4      | Killed Duvessa
  3172 | D:4      | Killed Dowan
  3172 | D:4      | Reached skill level 6 in Spellcasting
  3172 | D:4      | Reached skill level 5 in Fire Magic
  3490 | D:4      | Reached XP level 7. HP: 36/36 MP: 14/18
  3520 | D:4      | Found Zoco's Jewellery Shoppe.
  3531 | D:4      | Found a blossoming altar of Fedhas.
  3914 | D:5      | Entered Level 5 of the Dungeon
  3914 | D:5      | Found Popsouho's General Store.
  3952 | D:5      | Reached skill level 7 in Spellcasting
  4110 | D:5      | Got an ichor-stained dagger
  4111 | D:5      | Identified the cursed +3 dagger of Pin Weum {protect, Str+2} (You found it on level 5 of the Dungeon)
  4173 | D:5      | Found a glowing golden altar of the Shining One.
  4257 | D:5      | Reached skill level 1 in Short Blades
  4524 | D:5      | Found a shimmering altar of Xom.
  4747 | D:6      | Noticed Edmund
  4818 | D:6      | Reached XP level 8. HP: 42/42 MP: 18/21
  4828 | D:6      | Reached skill level 5 in Conjurations
  4846 | D:6      | Found a hazy altar of Hepliaklqana.
  4918 | D:6      | Found a deep blue altar of Sif Muna.
  4921 | D:6      | Became a worshipper of Sif Muna the Loreminder
  5119 | D:6      | Found a basalt altar of Yredelemnul.
  5155 | D:6      | Found Pero Qed's Hallowed Reliquary.
  5155 | D:6      | Noticed an angel
  5157 | D:6      | Found a glowing golden altar of the Shining One.
  5256 | D:6      | Killed Edmund
  5320 | D:6      | Found a staircase to the Ecumenical Temple.
  5444 | D:7      | Reached skill level 8 in Spellcasting
  5448 | D:7      | Found an ornate altar of the Wu Jian Council.
  5680 | D:7      | Found Fonge's Antique Weapon Shoppe.
  5933 | D:7      | Noticed a hippogriff
  5953 | D:6      | Killed a hippogriff
  5953 | D:6      | Reached skill level 1 in Fighting
  6488 | D:7      | Reached XP level 9. HP: 47/47 MP: 13/23
  6490 | D:7      | Reached * piety under Sif Muna
  6632 | D:7      | Reached skill level 9 in Spellcasting
  7082 | D:8      | Noticed Maurice
  7294 | D:8      | Reached ** piety under Sif Muna
  7402 | D:8      | Reached skill level 10 in Spellcasting
  7449 | D:8      | Noticed a two-headed ogre
  7462 | D:8      | Killed a two-headed ogre
  7802 | D:8      | Killed Maurice
  7802 | D:8      | Reached skill level 11 in Spellcasting
  7802 | D:8      | Reached XP level 10. HP: 49/52 MP: 16/27
  7933 | D:8      | Reached skill level 5 in Dodging
  8416 | D:9      | Noticed a two-headed ogre
  8422 | D:9      | Killed a two-headed ogre
  8422 | D:9      | Reached *** piety under Sif Muna
  9216 | D:9      | Found a stormy altar of Qazlal.
  9556 | D:10     | Entered Level 10 of the Dungeon
  9571 | D:10     | Noticed a two-headed ogre
  9583 | D:10     | Killed a two-headed ogre
  9583 | D:10     | Reached **** piety under Sif Muna
  9583 | D:10     | Reached skill level 12 in Spellcasting
  9631 | D:10     | Noticed a two-headed ogre
  9655 | D:10     | Killed a two-headed ogre
  9655 | D:10     | Reached skill level 10 in Conjurations
  9668 | D:10     | Reached XP level 11. HP: 57/57 MP: 29/29
  9887 | D:10     | Killed an unseen horror
  9887 | D:10     | Reached skill level 10 in Fire Magic
 10195 | D:10     | Found a staircase to the Lair.
 10259 | D:10     | Slain by an unseen horror

Vault maps used:
D:1:      minmay_arrival_doors, st_stairs_11
D:2:      lemuel_crystal_altar, serial_glass, glass_columns_b, glass_columns_c,
          glass_columns_b, glass_columns_a, glass_columns_a, glass_columns_a,
          glass_columns_c, glass_columns_a, serial_park_tiny_2
D:3:      lightli_temple_of_fire, lemuel_coloured_pillars_altar, bloody_trog,
          uniq_crazy_yiuf_cottage
D:4:      fedhas_altar_2, serial_shops, shop, minmay_misc_feat_iff, uniq_duvessa
D:5:      marbit_many_paths, xom_confusion_cloud, first_bread, serial_shops,
          shop
D:6:      nicolae_overflow_crystal_walls, lemuel_blue_sif_altar,
          lemuel_doored_altar, minmay_temple_entry_fiery, nicolae_good_shop,
          uniq_edmund
D:7:      lemuel_crystal_altar, serial_shops, shop, grunt_ogre_cave
D:8:      uniq_maurice
D:9:      nicolae_qazlal_eye_of_the_storm, st_stairs_14, grunt_decor_one_mirror,
          grunt_ministairs_9, kennysheep_island_fort
D:10:     kennysheep_orc_sif_temple, david_lair_shrubbed, grunt_ministairs_15

Skill      XL: |  1  2  3  4  5  6  7  8  9 10 11 |
---------------+----------------------------------+-----
Conjurations   | 2 3 4 6 8 10 | 10.3
Spellcasting   | 4 5 6 7 8 11 12 | 12.9
Fire Magic     | 4 5 6 8 9 10 | 10.1
Stealth        | 3 4 |  4.7
Dodging        | 3 4 5 |  5.8
Short Blades   | 1 2 |  2.6
Fighting       | 1 |  1.6

Action                   |  1- 3 |  4- 6 |  7- 9 | 10-12 || total
-------------------------+-------+-------+-------+-------++-------
Melee: Short sword       |     2 |     1 |       |       ||     3
       Dagger            |       |       |   101 |    43 ||   144
       Staff             |       |       |       |     1 ||     1
 Cast: Flame Tongue      |    80 |   117 |   235 |   162 ||   594
       Conjure Flame     |       |     6 |    13 |    13 ||    32
       Throw Flame       |       |       |    30 |    27 ||    57
       Fireball          |       |       |    16 |    26 ||    42
  Use: Scroll            |       |       |       |     9 ||     9
 Stab: Distracted        |       |       |     1 |       ||     1
  Eat: Chunk             |     2 |     6 |     9 |    11 ||    28
       Meat ration       |       |       |     1 |       ||     1
       Royal jelly       |       |       |     1 |       ||     1
Armor: Robe              |    16 |     3 |    52 |    23 ||    94
Dodge: Dodged            |    49 |    20 |   121 |    47 ||   237

Table legend:
 A = Spawn XP
 B = Non-spawn XP
 C = Spawn XP percentage of total XP
 D = Spawn monster count
 E = Non-spawn monster count
 F = Spawn count percentage of total count
 G = Total turns spent on level
                    A         B        C        D         E        F      G
               +---------+---------+-------+---------+---------+-------+---------
         Total |       0 |   13200 |   0.0 |       0 |     247 |   0.0 | 10259
               +---------+---------+-------+---------+---------+-------+---------
           D:1 |       0 |      54 |   0.0 |       0 |      29 |   0.0 |  1168
           D:2 |       0 |     147 |   0.0 |       0 |      25 |   0.0 |   855
           D:3 |       0 |     123 |   0.0 |       0 |      18 |   0.0 |   944
           D:4 |       0 |     542 |   0.0 |       0 |      19 |   0.0 |   947
           D:5 |       0 |     612 |   0.0 |       0 |      17 |   0.0 |   990
           D:6 |       0 |     661 |   0.0 |       0 |      11 |   0.0 |  1359
           D:7 |       0 |    1083 |   0.0 |       0 |      28 |   0.0 |   717
           D:8 |       0 |    2878 |   0.0 |       0 |      26 |   0.0 |  1192
           D:9 |       0 |    2856 |   0.0 |       0 |      48 |   0.0 |  1384
          D:10 |       0 |    4244 |   0.0 |       0 |      26 |   0.0 |   703
               +---------+---------+-------+---------+---------+-------+---------
